 Dungeon Crawl Stone Soup version 0.20.1-1-g8b1a95d (console) character file.

4324 Goblin1989 the Fighter (level 10, -3/80 (82) HPs)
             Began as a Demonspawn Assassin on July 7, 2017.
             Was a Priest of Okawaru.
             Slain by polve's ghost (15 damage)
             ... on level 8 of the Dungeon.
             The game lasted 00:40:22 (12471 turns).

Goblin1989 the Fighter (Demonspawn Assassin)       Turns: 12471, Time: 00:40:23

HP:   -3/80 (82)    AC:  9    Str: 14    XL:     10   Next: 11%
MP:   0/10          EV: 22    Int: 12    God:    Okawaru [***...]
Gold: 507           SH: 11    Dex: 25    Spells: 9/9 levels left

rFire    . . .     SeeInvis .   b - +0 long sword
rCold    + . .     Gourm    .   Q - +1 shield
rNeg     . . .     Faith    .   S - +1 ring mail of the Crown {+Blink MR+ Stlth+}
rPois    .         Spirit   +   (helmet restricted)
rElec    +         Reflect  .   d - +0 cloak
rCorr    .         Harm     .   V - +0 pair of gloves
MR       +....     Rnd*Rage +   H - +0 pair of boots {Fly}
Stlth    +++++.....             (no amulet)
Regen    0.3/turn               c - ring of protection from cold
MPRegen  0.2/turn               P - +4 ring of evasion

@: agile, flying
A: horns 2, thin skeletal structure 2, berserk 1, mutation resistance 1, powered
by pain 1, electricity resistance, magic shield
a: Heroism, Renounce Religion, Evoke Blink, Stop Flying


You were on level 8 of the Dungeon.
You worshipped Okawaru.
Okawaru was most pleased with you.
You were hungry.

You visited 1 branch of the dungeon, and saw 8 of its levels.
You also visited: Sewer.

You collected 507 gold pieces.

Inventory:

Hand Weapons
 a - a +2 dagger
 b - a +0 long sword (weapon)
 w - a +0 blowgun {@w1}
Missiles
 f - 2 curare-tipped needles
 g - 38 poisoned needles
 N - 8 needles of sleeping
Armour
 d - a +0 cloak (worn)
 H - a +0 pair of boots of flying (worn)
 Q - a +1 shield (worn)
 S - the +1 ring mail of the Crown (worn) {+Blink MR+ Stlth+}
   (You found it on level 5 of the Dungeon)

   It affects your resistance to hostile enchantments.
   It lets you blink.
   It makes you more stealthy.
 U - a +0 scale mail
 V - a +0 pair of gloves (worn)
 X - the +0 ring mail of Free Will {Str+4}
   (You took it off a big kobold on level 8 of the Dungeon)

   It affects your strength (+4).
Jewellery
 c - a ring of protection from cold (left hand)
 l - an uncursed ring of flight
 G - an uncursed ring of fire
 P - a +4 ring of evasion (right hand)
Scrolls
 I - 3 scrolls of remove curse {@r2}
 L - a scroll of summoning {unknown}
 R - 2 scrolls of identify {@r1}
 T - 4 scrolls of teleportation {!r, @r3}
 W - 2 scrolls of recharging {unknown}
Potions
 x - 4 potions of curing {@q1}
 A - a potion of cancellation {unknown}
 F - a potion of brilliance {unknown}
 O - a potion of flight {unknown}
 Y - 4 potions of heal wounds {unknown}
 Z - 3 potions of magic {unknown}
Comestibles
 e - 5 bread rations {@e1}
 D - 3 meat rations {@e2}
 K - 2 royal jellies
 M - 8 fruits


   Skills:
 + Level 8.8 Fighting
 - Level 1.8(5.2) Short Blades
 * Level 7.8(7.9) Long Blades
 - Level 1.7 Throwing
 - Level 1.1 Armour
 + Level 5.2 Dodging
 - Level 3.6 Stealth
 + Level 5.2 Shields


You had 9 spell levels left.
You didn't know any spells.

Dungeon Overview and Level Annotations

Branches:
Dungeon (8/15)             Temple (0/1) D:7
   Lair: D:8-11

Altars:
Cheibriados
Okawaru
Xom
The Shining One

Annotations:
D:8 polve's ghost, novice DsAK


Innate Abilities, Weirdness & Mutations

You have a pair of horns on your head.
You have a moderately thin skeletal structure. (Dex +4, Stealth+)
You sometimes gain a little power by taking damage.
When hurt, damage is shared between your health and your magic reserves.
You tend to lose your temper in combat.
You are somewhat resistant to further mutation.
You are resistant to electric shocks. (rElec)


Message History

You start resting.
You regained 3 hp, and now have 79/80 hp.
You gain the combat prowess of a mighty hero.
You now have 8/10 mp.
There is an open door here.
Health restored: 80 You barely miss polve's ghost.
Polve's ghost turns its malevolent gaze towards you.
You block polve's ghost's attack.
You closely miss polve's ghost.
Polve's ghost hits you but does no damage.
You hit polve's ghost but do no damage. You block polve's ghost's attack.
You completely miss polve's ghost. Polve's ghost hits you.
You take 5 damage, and have 75/80 hp.
You miss polve's ghost. Your headbutt misses polve's ghost.
You hit polve's ghost but do no damage. You block polve's ghost's attack.
You hit polve's ghost but do no damage. You block polve's ghost's attack.
You slash polve's ghost! Your headbutt misses polve's ghost.
Polve's ghost is lightly damaged.
You feel like a meek peon again. You block polve's ghost's attack.
You slash polve's ghost!
Polve's ghost is moderately damaged.
Polve's ghost barely misses you.
You hit polve's ghost but do no damage.
Polve's ghost is moderately damaged.
Polve's ghost hits you!
You take 8 damage, and have 68/80 hp.
You now have 8/10 mp.
You gain the combat prowess of a mighty hero.
Polve's ghost hits you!
You focus on the pain.
You feel agile all of a sudden.
You take 15 damage, and have 53/80 hp.
You now have 4/10 mp.
You hit polve's ghost. You headbutt polve's ghost.
Polve's ghost is moderately damaged.
You closely miss polve's ghost. Your headbutt misses polve's ghost.
Polve's ghost is moderately damaged.
Polve's ghost hits you.
You take 4 damage, and have 49/80 hp.
You hit polve's ghost.
You headbutt polve's ghost, but do no damage.
Polve's ghost is moderately damaged.
Polve's ghost closely misses you.
You slash polve's ghost!
Polve's ghost is heavily damaged.
Polve's ghost completely misses you.
You barely miss polve's ghost. Your headbutt misses polve's ghost.
Polve's ghost is heavily damaged.
Polve's ghost hits you!
You take 11 damage, and have 39/80 hp.
You now have 4/10 mp.
You slash polve's ghost!
Polve's ghost is severely damaged.
You hit polve's ghost.
You headbutt polve's ghost, but do no damage.
Polve's ghost is severely damaged.
Polve's ghost completely misses you.
You hit polve's ghost. Your headbutt misses polve's ghost.
Polve's ghost is severely damaged.
Polve's ghost misses you.
You hit polve's ghost but do no damage.
Polve's ghost is severely damaged.
Polve's ghost hits you!!
* * * LOW HITPOINT WARNING * * *
You focus on the pain.
You feel your power returning.
You take 17 damage, and have 23/80 hp.
MASSIVE DAMAGE!!
MP restored: 10 Unknown command.
You slash polve's ghost!
You headbutt polve's ghost, but do no damage.
Polve's ghost is almost destroyed.
Polve's ghost lets out a mournful wail.
You block polve's ghost's attack.
Unknown command.
You barely miss polve's ghost. You headbutt polve's ghost.
Polve's ghost is almost destroyed.
You block polve's ghost's attack.
Unknown command.
You miss polve's ghost.
Polve's ghost is almost destroyed.
You feel like a meek peon again.
Unknown command.
Your shield prevents you from hitting polve's ghost.
Polve's ghost is almost destroyed.
Polve's ghost completely misses you.
You riposte.
You hit polve's ghost.
Polve's ghost is almost destroyed.
Unknown command.
You barely miss polve's ghost.
Polve's ghost is almost destroyed.
You block polve's ghost's attack.
Unknown command.
You miss polve's ghost.
You headbutt polve's ghost, but do no damage.
Polve's ghost is almost destroyed.
Polve's ghost hits you!
* * * LOW HITPOINT WARNING * * *
You block polve's ghost's attack.
You take 12 damage, and have 12/80 hp.
You now have 6/10 mp.
You slash polve's ghost!
Polve's ghost is almost destroyed.
Polve's ghost hits you!!
You die...

█████.█. .. ...█.█ ██ .....
... .. ██∆██ ██∆█ ██.
█..█..█ █... ██.. █..█.█..█
█..█ █ ...██..██.██..███..█
.██ █..█..██...██..█W.█
....
█..█)██.[...██.█@██..... █.
█..∆█.†..█[...█∆........
W∆.
█..█)██...".██.█.██.....
█.█ █..█..██...██..█..█
....█..█
█..██..██$██..███..██.██..█
█...██.o█.█..█ █..█.█..██
█.█..██..█..█ █.....██.
......███.██ ███∆███..█
██...██Ψ... ██..█..██..██


You could see polve's ghost.

Vanquished Creatures
  Sigmund (D:2)
  The ghost of polve the Slasher, an amateur DsAK of Lugonu (D:4)
  A hungry ghost (D:5)
  3 ice beasts
  3 sky beasts
  A necrophage (D:6)
  An ogre (D:8)
  4 phantoms
  A centaur (D:8)
  8 big kobolds
  5 bullfrogs
  A gnoll sergeant (D:6)
  A wyvern zombie (D:8)
  A water moccasin skeleton (D:6)
  6 killer bees (D:8)
  3 wights (D:6)
  A howler monkey (D:8)
  3 crimson imps
  2 bullfrog zombies
  3 jellies
  2 hounds
  6 orc priests
  4 orc wizards
  3 iguanas
  6 worker ants
  3 hound skeletons
  A worker ant zombie (D:8)
  13 adders
  4 gnolls (D:6)
  2 howler monkey skeletons
  2 river rats (Sewer)
  A shadow imp (D:8)
  4 oozes
  An adder skeleton (D:5)
  4 worms
  2 dart slugs
  11 leopard geckos
  21 orcs
  7 ball pythons
  4 giant cockroaches
  12 hobgoblins
  11 jackals
  4 quokkas
  12 bats
  6 frilled lizards
  8 goblins
  20 kobolds
  A leopard gecko skeleton (D:3)
  An orc zombie (D:8)
  A quokka skeleton (D:6)
  13 rats
240 creatures vanquished.

Notes
Turn   | Place    | Note
-------+----------+-------------------------------------------
     0 | D:1      | Goblin1989 the Demonspawn Assassin began the quest for the Orb.
     0 | D:1      | Reached XP level 1. HP: 16/16 MP: 1/1
   398 | D:1      | Gained mutation: When hurt, damage is shared between your health and your magic reserves. [demonic ancestry]
   398 | D:1      | Reached XP level 2. HP: 23/23 MP: 2/2
   441 | D:1      | Reached skill level 3 in Fighting
  1324 | D:1      | Reached XP level 3. HP: 17/29 MP: 1/3
  2002 | D:2      | Reached skill level 4 in Fighting
  2429 | D:2      | Noticed Sigmund
  2445 | D:2      | Killed Sigmund
  2445 | D:2      | Reached skill level 6 in Fighting
  2445 | D:2      | Gained mutation: You have a somewhat thin skeletal structure. (Dex +2, Stealth) [demonic ancestry]
  2445 | D:2      | Reached XP level 4. HP: 40/40 MP: 4/4
  2445 | D:2      | Reached XP level 5. HP: 46/46 MP: 5/5
  3428 | D:3      | Gained mutation: You have a pair of small horns on your head. [demonic ancestry]
  3428 | D:3      | Reached XP level 6. HP: 52/53 MP: 6/6
  4190 | D:4      | Noticed polve's ghost (amateur DsAK)
  4334 | D:4      | Found an iron altar of Okawaru.
  4340 | D:4      | Became a worshipper of Warmaster Okawaru
  4415 | D:4      | Found a shimmering altar of Xom.
  4447 | D:4      | Reached skill level 1 in Long Blades
  4870 | D:5      | Entered Level 5 of the Dungeon
  5968 | D:5      | Reached XP level 7. HP: 56/59 MP: 7/7
  6080 | D:5      | Reached skill level 1 in Shields
  6094 | D:5      | Got a warped ring mail
  6115 | D:5      | Found a glowing golden altar of the Shining One.
  6126 | D:5      | Identified the cursed +1 ring mail of the Crown {+Blink MR+ Stlth+} (You found it on level 5 of the Dungeon)
  6146 | D:5      | Noticed a hungry ghost
  6171 | D:5      | Killed a hungry ghost
  6171 | D:5      | Reached skill level 1 in Armour
  6295 | D:5      | Reached skill level 1 in Dodging
  6708 | D:6      | Reached skill level 7 in Fighting
  6723 | D:6      | Gained mutation: Your spells are a little harder to cast, but a little more powerful. [mutagenic meat]
  6724 | D:6      | Lost mutation: Your spells are a little harder to cast, but a little more powerful. [potion of mutation]
  6724 | D:6      | Gained mutation: You tend to lose your temper in combat. [potion of mutation]
  6724 | D:6      | Gained mutation: You are somewhat resistant to further mutation. [potion of mutation]
  6727 | D:6      | Gained mutation: You are resistant to electric shocks. (rElec) [mutagenic meat]
  7069 | D:6      | Reached * piety under Okawaru
  7169 | D:6      | Gained mutation: You sometimes gain a little power by taking damage. [demonic ancestry]
  7169 | D:6      | Reached XP level 8. HP: 37/65 MP: 4/8
  7173 | D:6      | Found a glowing drain.
  7188 | Sewer    | Entered a sewer
  7986 | Sewer    | Reached skill level 5 in Long Blades
  8648 | D:6      | Found a snail-covered altar of Cheibriados.
  9254 | D:6      | Gained mutation: You have a pair of horns on your head. [demonic ancestry]
  9254 | D:6      | Reached XP level 9. HP: 43/72 MP: 5/9
  9266 | D:6      | Reached ** piety under Okawaru
  9743 | D:7      | Reached skill level 8 in Fighting
  9812 | D:7      | Found a staircase to the Ecumenical Temple.
 10416 | D:8      | Noticed polve's ghost (novice DsAK)
 10743 | D:4      | Killed polve's ghost
 11845 | D:8      | Reached skill level 5 in Dodging
 11966 | D:8      | Reached skill level 5 in Shields
 11972 | D:8      | Reached *** piety under Okawaru
 12064 | D:8      | Gained mutation: You have a moderately thin skeletal structure. (Dex +4, Stealth+) [demonic ancestry]
 12064 | D:8      | Reached XP level 10. HP: 67/80 MP: 8/10
 12066 | D:8      | Got a spiked ring mail
 12084 | D:8      | Identified the cursed +0 ring mail of Free Will {Str+4} (You took it off a big kobold on level 8 of the Dungeon)
 12471 | D:8      | Slain by polve's ghost

Skill      XL: |  1  2  3  4  5  6  7  8  9 |
---------------+----------------------------+-----
Fighting       | 3 6 7 8 |  8.8
Long Blades    | 2 4 5 7 |  7.8
Shields        | 2 3 5 |  5.2
Armour         | 1 |  1.1
Dodging        | 2 3 5 |  5.2
Short Blades   | |  1.8
Throwing       | |  1.7
Stealth        | |  3.6

Action                   |  1- 3 |  4- 6 |  7- 9 | 10-12 || total
-------------------------+-------+-------+-------+-------++-------
Melee: Dagger            |   173 |   157 |       |       ||   330
       Falchion          |       |   123 |   471 |       ||   594
       Headbutt          |       |    45 |   176 |    19 ||   240
       Long sword        |       |       |   349 |    66 ||   415
 Fire: Blowgun           |     5 |       |       |       ||     5
Invok: Heroism           |       |       |     8 |     2 ||    10
  Use: Scroll            |       |     5 |     6 |     3 ||    14
       Potion            |       |       |     3 |       ||     3
 Stab: Sleeping          |    10 |     2 |     7 |       ||    19
       Distracted        |       |     1 |       |     1 ||     2
  Eat: Chunk             |     5 |    11 |    23 |       ||    39
       Bread ration      |       |       |     2 |       ||     2
       Royal jelly       |       |       |     1 |     1 ||     2
Armor: Robe              |    43 |    26 |       |       ||    69
       Ring mail         |       |    50 |   252 |     6 ||   308
       Skin              |       |       |    33 |       ||    33
Dodge: Dodged            |   104 |   158 |   286 |    19 ||   567
Block: Shield            |       |    23 |   423 |    33 ||   479
       Rpst.: Falchion   |       |    16 |    55 |       ||    71
       Long sword        |       |       |    35 |     5 ||    40

Vault maps used:
D:1:      shiori_shiawase, minmay_pentomino_t4
D:2:      uniq_sigmund
D:3:      first_bread
D:4:      overflow_temple_1_default, okawaru_ov_weapons_minmay
D:5:      tso_metal_star
D:6:      lemuel_round_altar, portal_sewer_entry_d
D:7:      minmay_temple_entry_mist
D:8:      minmay_the_grid_octo_2x2, nicolae_ossuary_entry_giza, uniq_maurice
Sewer:    sewer_co_tree
